 Dungeon Crawl Stone Soup version 0.29.0-4-gdea44cf6ec (webtiles) character file.

Game seed: 1301380994811773126

88970 qw the Severer (level 15, -5/103 HPs)
             Began as a Gargoyle Berserker on Sept 8, 2022.
             Was a High Priest of Trog.
             Slain by a troll (9 damage)
             ... on level 2 of the Orcish Mines.
             The game lasted 00:09:57 (27875 turns).

qw the Severer (Gargoyle Berserker)                Turns: 27875, Time: 00:09:57

Health: -5/103     AC: 44    Str: 28    XL:     15   Next: 95%
Magic:  15/15      EV: 12    Int:  8    God:    Trog [*****.]
Gold:   1493       SH: 15    Dex:  9    Spells: 14/14 levels left

rFire   . . .      SeeInvis .   Y - +6 war axe (flame)
rCold   . . .      Faith    .   y - +0 kite shield
rNeg    + . .      Spirit   .   p - +1 plate armour {Will+}
rPois   inf        Reflect  +   e - +2 helmet
rElec   +          Harm     .   a - +0 cloak
rCorr   .          Rampage  .   w - +2 pair of gloves
Will    ++++.                   c - +1 pair of boots
Stlth   ..........              d - amulet of reflection
HPRegen 1.27/turn               q - +4 ring of evasion
MPRegen 0.14/turn               b - +4 ring of protection

@: about to teleport, marked, strong-willed (expiring), on berserk cooldown,
flying, regenerating (expiring), slowed, very slow
A: sickness immunity, AC +11, big wings, negative energy resistance 1,
electricity resistance, torment resistance 1, petrification resistance, mutation
resistance 1
a: Renounce Religion, Berserk, Trog's Hand, Brothers in Arms


You were on level 2 of the Orcish Mines.
You worshipped Trog.
Trog was extremely pleased with you.
You visited 3 branches of the dungeon, and saw 22 of its levels.

You collected 1658 gold pieces.
You spent 165 gold pieces at shops.


Innate Abilities, Weirdness & Mutations

You are immune to sickness and miasma.
Your stone body is resilient. (AC +11)
You are immune to poison.
Your large and strong wings let you fly.
You resist negative energy. (rN+)
You are resistant to electric shocks. (rElec)
You are resistant to unholy torment.
You are immune to petrification.
You are somewhat resistant to further mutation.


   Skills:
 - Level 15.0 Fighting
 - Level 16.0 Axes
 - Level 7.0 Throwing
 - Level 14.4 Armour
 - Level 3.6 Dodging
 + Level 9.8 Shields


You had 14 spell levels left.
You didn't know any spells.
Your spell library was empty.

Inventory:

Hand Weapons
 Y - a +6 war axe of flaming (weapon)
Missiles
 n - 15 boomerangs (quivered)
Armour
 a - a +0 cloak (worn)
 c - a +1 pair of boots (worn)
 e - a +2 helmet (worn)
 p - a +1 plate armour of willpower (worn)
 w - a +2 pair of gloves (worn)
 y - a +0 kite shield (worn)
Jewellery
 b - a +4 ring of protection (right hand)
 d - an amulet of reflection (around neck)
 i - a ring of fire
 q - a +4 ring of evasion (left hand)
 t - a ring of fire
Scrolls
 j - 8 scrolls of identify
 k - a scroll of teleportation
Potions
 f - 3 potions of resistance
 g - a potion of haste
 l - 11 potions of curing
 m - a potion of cancellation
 o - a potion of heal wounds
 r - 3 potions of might
 v - 4 potions of mutation

Dungeon Overview and Level Annotations

Branches:
Dungeon (15/15)            Temple (0/1) D:7            Lair (5/5) D:9
  Swamp (0/4) Lair:2       Spider (0/4) Lair:2        Slime (0/5) Lair:5
    Orc (2/2) D:12         Vaults (0/5) D:14         Depths (0/4) D:15
    Elf: Orc:2

Altars:
Makhleb
Nemelex Xobeh
Ru
Trog
Uskayaw
Wu Jian
Xom
Lugonu

Shops:
D:3 ?   D:8 *   D:13 [   Orc:2 [

Annotations:
D:3 1 runed translucent door, Crazy Yiuf
D:12 4 runed translucent doors


Message History

The deep troll bites you but does no damage.
The deep troll closely misses you.
The deep troll claws you but does no damage.
The troll misses you. You block the troll's attack.
The troll barely misses you. The troll bites you! The troll claws you!
You block the troll's attack. The orc warrior completely misses you.
An ogre comes into view. It is wielding a +0 giant club.
You slice the two-headed ogre!! You burn the two-headed ogre.
You kill the two-headed ogre!
Trog accepts your kill.
You completely miss the orc warrior. You slash the troll! You burn the troll.
You slash the troll! You burn the troll. You slash the deep troll!
You burn the deep troll.
You kill the deep troll!
Trog accepts your kill.
You slash the two-headed ogre! You burn the two-headed ogre.
Your ogre barely misses the troll.
The two-headed ogre hits you but does no damage. x2
An ogre comes into view. It is wielding a +0 giant spiked club.
You block the troll's attack. x2; The troll claws you but does no damage.
The ogre mage points at the two-headed ogre and mumbles some strange words.
The two-headed ogre seems to speed up.
The orc warrior barely misses you. The troll bites you but does no damage.
The troll claws you. You block the troll's attack. The troll bites your ogre!
Your ogre dies!
Your ogre's corpse disappears in a puff of smoke!
The orc priest invokes the aid of Beogh against you.
Beogh smites you!
27875 ||| READING 2 scrolls of teleportation.
As you read the scroll of teleportation, it crumbles to dust.
You feel strangely unstable. The ogre hits you with a +0 giant club!
You block the orc warrior's attack.
The ogre mage points at the ogre and mumbles some strange words.
The ogre seems to speed up.
The two-headed ogre barely misses you.
The two-headed ogre hits you with a +0 giant club.
The troll bites you but does no damage. You block the troll's attack.
The troll closely misses you.
An ogre comes into view. It is wielding a +0 giant club.
You block the troll's attack. The troll claws you!
You die...

.....#.......o
.............. .........._..
##..........O.
..#.........O.O.
.......#.....OT## .
.............oTT##O...
.............o@OOOOTo.
.#.......(.).)OOOOTO..
.........).)).OOOOO.......
...............TOO.........
.................OO........
.......................... .
#........................#..
.....#.#...............# ...
.#.# ####..............#...


You could see 6 two-headed ogres, 2 ogre magi, a deep troll, 5 trolls, an orc
warrior, 15 ogres, an orc priest and an orc.

Vanquished Creatures
  Frances (D:14)
  Gastronok (D:9)
  Kirke (D:12)
  A stone giant (D:15)
  A dire elephant (Lair:5)
  Nessos (D:15)
  Azrael (D:12)
  Snorg (D:14)
  Josephine (D:12)
  Fannar (D:12)
  2 boulder beetles
  2 catoblepae
  Harold (D:9)
  6 hydras
  7 centaur warriors
  A merfolk avatar (Lair:5)
  2 dancing weapons (D:14)
  6 two-headed ogres
  2 tengu warriors (D:15)
  11 death yaks
  Amaemon (Lair:3)
  4 skeletal warriors (D:13)
  A deep troll (Orc:2)
  A phantasmal warrior (D:12)
  A bog body (Lair:2)
  A wizard (D:11)
  2 deep elf pyromancers
  2 orc knights
  3 cyclopes
  4 manticores
  An oklob plant (Lair:3)
  4 ugly things
  A torpor snail (Lair:1)
  An orange demon (Lair:3)
  12 elephants
  2 gargoyles
  Maggie (Lair:1)
  4 rime drakes
  9 cane toads
  4 komodo dragons
  4 kobold demonologists
  3 unseen horrors
  A yaktaur (D:12)
  6 trolls
  2 meliai
  A wind drake (Lair:5)
  9 polar bears
  Grinder (D:3)
  6 hornets
  5 blink frogs
  6 slime creatures (D:12)
  3 snapping turtles (Lair:5)
  12 dream sheep (Lair:4)
  2 centaur simulacra (D:13)
  2 shadows (D:12)
  2 vampires (D:12)
  18 wyverns
  39 yaks
  8 wraiths
  3 steam dragons
  A basilisk (Lair:1)
  A fire elemental (D:12)
  4 vampire mosquitoes (D:13)
  3 wargs
  A warg (shapeshifter) (D:12)
  5 acid dragons
  13 water moccasins
  A sky beast (D:6)
  16 orc warriors
  3 hell hounds (D:12)
  4 black bears
  An ice beast (D:13)
  8 wolves
  7 ogres
  5 centaurs
  5 gnoll sergeants
  7 kobold brigands
  A necrophage (D:7)
  A scorpion (Lair:1)
  9 bullfrogs
  3 wights (D:9)
  16 killer bees
  6 howler monkeys
  5 electric eels (D:12)
  4 hounds
  A gnoll bouda (D:8)
  A jelly (D:6)
  13 orc priests
  21 orc wizards
  Ijyb (D:5)
  Natasha (thrice) (D:3)
  3 iguanas
  Robin (D:4)
  18 gnolls
  16 adders
  A shadow imp (D:7)
  4 white imps
  4 ufetubi
  6 worms
  A dart slug (D:1)
  54 orcs
  2 bats (D:1)
  6 endoplasms
  2 giant cockroaches (D:2)
  15 goblins
  16 hobgoblins
  10 jackals (D:2)
  14 quokkas
  8 ball pythons
  4 frilled lizards
  30 kobolds
  11 rats
638 creatures vanquished.

Vanquished Creatures (collateral kills)
  Jorgrun (D:12)
  A boulder beetle (D:11)
  A catoblepas (Lair:2)
  A cyclops (D:11)
  A freezing wraith (D:11)
  A troll (Orc:2)
6 creatures vanquished.

Vanquished Creatures (others)
  A human (D:12)
  A fire elemental (D:12)
  A hell hound (D:12)
  A centaur (D:12)
  An electric eel (D:12)
  A bush (D:7)
  A demonic plant (D:14)
  69 fungi
  107 plants
183 creatures vanquished.

Grand Total: 827 creatures vanquished

Notes
Turn   | Place    | Note
-------+----------+-------------------------------------------
     0 | D:1      | qw the Gargoyle Berserker began the quest for the Orb.
     0 | D:1      | Reached XP level 1. HP: 14/14 MP: 1/1
     0 | D:1      | 0 ||| qw: Version: 0.1-a-112-g44dc6cd
     0 | D:1      | 0 ||| qw: Game counter: 6727
     0 | D:1      | 0 ||| qw: Always use a shield: true
     0 | D:1      | 0 ||| qw: Do Orc after D:15 true
     0 | D:1      | 0 ||| qw: Do second Lair branch before Depths: true
     0 | D:1      | 0 ||| qw: Lair rune preference: random
     0 | D:1      | 0 ||| qw: Plans: Normal
     0 | D:1      | 0 ||| PLANNING D:1-11
   143 | D:1      | 143 ||| INVOKING Berserk.
   303 | D:1      | Reached skill level 3 in Axes
   353 | D:1      | Reached XP level 2. HP: 19/19 MP: 2/2
   470 | D:1      | 470 ||| SWAPPING to +0 war axe.
   519 | D:1      | 519 ||| DROPPING +0 hand axe.
   543 | D:1      | 543 ||| Stepping ~*~*~tactically~*~*~ (stealth).
   678 | D:1      | 678 ||| DROPPING +0 club.
   725 | D:1      | 725 ||| Stepping ~*~*~tactically~*~*~ (hiding).
   840 | D:1      | Reached XP level 3. HP: 23/23 MP: 3/3
  1201 | D:1      | Reached ** piety under Trog
  1268 | D:1      | 1268 ||| Stepping ~*~*~tactically~*~*~ (stealth).
  1271 | D:1      | 1271 ||| Stepping ~*~*~tactically~*~*~ (stealth).
  1316 | D:1      | 1316 ||| UPGRADING to +0 pair of boots.
  1321 | D:1      | 1321 ||| UPGRADING to +0 ring mail.
  1331 | D:1      | 1331 ||| DROPPING +0 animal skin.
  1333 | D:1      | 1333 ||| READING 2 scrolls labelled MABBIL JABUHU.
  1334 | D:1      | 1334 ||| READING scroll labelled ICHEHU VOCRIEN.
  1629 | D:1      | 1629 ||| READING scroll labelled TOGO XAFUI.
  1630 | D:1      | 1630 ||| READING scroll labelled FAOKAP IR OFA.
  1631 | D:1      | 1631 ||| READING scroll labelled COUFIESENK.
  1632 | D:1      | 1632 ||| READING scroll labelled IQY TIRPHOICO.
  1633 | D:1      | 1633 ||| READING scroll labelled HURAOCW TACWU.
  1634 | D:1      | 1634 ||| READING scroll labelled JEIFAY SAXU.
  1686 | D:1      | 1686 ||| DROPPING scroll of vulnerability.
  1701 | D:2      | You fall into a shaft and drop 1 floor!
  1711 | D:3      | 1711 ||| INVOKING Berserk.
  1715 | D:3      | Reached skill level 4 in Axes
  1957 | D:3      | 1957 ||| Stepping ~*~*~tactically~*~*~ (stealth).
  1959 | D:3      | 1959 ||| Stepping ~*~*~tactically~*~*~ (stealth).
  1960 | D:3      | 1960 ||| Stepping ~*~*~tactically~*~*~ (stealth).
  1963 | D:3      | 1963 ||| Stepping ~*~*~tactically~*~*~ (stealth).
  1964 | D:3      | 1964 ||| Stepping ~*~*~tactically~*~*~ (stealth).
  1971 | D:3      | 1971 ||| INVOKING Berserk.
  2095 | D:3      | Noticed Grinder
  2096 | D:3      | 2096 ||| INVOKING Trog's Hand.
  2099 | D:3      | 2099 ||| INVOKING Berserk.
  2101 | D:3      | Reached XP level 4. HP: 28/28 MP: 4/4
  2103 | D:3      | Killed Grinder
  2104 | D:3      | Reached skill level 6 in Axes
  2104 | D:3      | Reached XP level 5. HP: 32/32 MP: 5/5
  2104 | D:3      | Reached XP level 6. HP: 37/37 MP: 6/6
  2263 | D:3      | 2263 ||| READING scroll of enchant weapon.
  2263 | D:3      | 2263 ||| ENCHANTING +1 war axe.
  2298 | D:3      | 2298 ||| Stepping ~*~*~tactically~*~*~ (stealth).
  2422 | D:3      | 2422 ||| Stepping ~*~*~tactically~*~*~ (stealth).
  2433 | D:3      | Noticed Natasha
  2434 | D:3      | 2434 ||| Stepping ~*~*~tactically~*~*~ (stealth).
  2437 | D:3      | 2437 ||| Stepping ~*~*~tactically~*~*~ (stealth).
  2438 | D:3      | 2438 ||| UPGRADING to +0 cloak.
  2443 | D:3      | 2443 ||| UPGRADING to amulet of reflection.
  2448 | D:3      | 2448 ||| INVOKING Berserk.
  2449 | D:3      | Killed Natasha
  2568 | D:2      | 2568 ||| Stepping ~*~*~tactically~*~*~ (stealth).
  2571 | D:2      | 2571 ||| Stepping ~*~*~tactically~*~*~ (stealth).
  2593 | D:2      | 2593 ||| DROPPING +0 whip.
  2648 | D:2      | Found a faded altar of an unknown god.
  2702 | D:2      | 2702 ||| Stepping ~*~*~tactically~*~*~ (stealth).
  2765 | D:2      | 2765 ||| Stepping ~*~*~tactically~*~*~ (stealth).
  2780 | D:2      | 2780 ||| Stepping ~*~*~tactically~*~*~ (stealth).
  3379 | D:2      | 3379 ||| READING scroll of enchant weapon.
  3379 | D:2      | 3379 ||| ENCHANTING +2 war axe.
  3503 | D:2      | 3503 ||| READING scroll labelled VENOGH KASHROH.
  3592 | D:3      | 3592 ||| STAIRDANCE
  3597 | D:3      | 3597 ||| STAIRDANCE
  3629 | D:3      | Noticed Natasha
  3631 | D:3      | 3631 ||| Stepping ~*~*~tactically~*~*~ (hiding).
  3633 | D:3      | 3633 ||| INVOKING Berserk.
  3636 | D:3      | Killed Natasha
  3759 | D:3      | Found a sparkling altar of Nemelex Xobeh.
  3759 | D:3      | Found a sacrificial altar of Ru.
  3812 | D:3      | Found Geuxt's Magic Scroll Shoppe.
  3819 | D:3      | 3819 ||| SHOPLISTING scroll of brand weapon (104 gold, have
                  | 55).
  3819 | D:3      | 3819 ||| BUYING scroll of identify (22 gold).
  3819 | D:3      | Bought a scroll of identify for 22 gold pieces
  3819 | D:3      | 3819 ||| BUYING scroll of identify (22 gold).
  3819 | D:3      | Bought a scroll of identify for 22 gold pieces
  3819 | D:3      | 3819 ||| SHOPLISTING scroll of identify (22 gold, have 11).
  3819 | D:3      | 3819 ||| SHOPLISTING scroll of teleportation (33 gold, have
                  | 11).
  4149 | D:3      | Found a bloodstained altar of Trog.
  4152 | D:3      | 4152 ||| Stepping ~*~*~tactically~*~*~ (stealth).
  4153 | D:3      | 4153 ||| Stepping ~*~*~tactically~*~*~ (stealth).
  4154 | D:3      | 4154 ||| Stepping ~*~*~tactically~*~*~ (stealth).
  4162 | D:3      | Reached XP level 7. HP: 43/43 MP: 7/7
  4170 | D:3      | 4170 ||| Stepping ~*~*~tactically~*~*~ (stealth).
  4236 | D:3      | Reached *** piety under Trog
  4240 | D:3      | 4240 ||| Stepping ~*~*~tactically~*~*~ (stealth).
  4241 | D:3      | 4241 ||| Stepping ~*~*~tactically~*~*~ (stealth).
  4264 | D:3      | Noticed Natasha
  4265 | D:3      | 4265 ||| Stepping ~*~*~tactically~*~*~ (stealth).
  4266 | D:3      | 4266 ||| Stepping ~*~*~tactically~*~*~ (stealth).
  4268 | D:3      | 4268 ||| Stepping ~*~*~tactically~*~*~ (stealth).
  4270 | D:3      | 4270 ||| FLEEEEING.
  4275 | D:3      | 4275 ||| INVOKING Berserk.
  4281 | D:3      | Killed Natasha
  4412 | D:3      | Found a runed translucent door.
  4413 | D:3      | Noticed Crazy Yiuf
  4584 | D:3      | 4584 ||| READING 4 scrolls of identify.
  4584 | D:3      | 4584 ||| IDENTIFYING pink potion
  4585 | D:3      | 4585 ||| READING 3 scrolls of identify.
  4585 | D:3      | 4585 ||| IDENTIFYING bubbling purple potion
  4586 | D:3      | 4586 ||| READING 2 scrolls of identify.
  4586 | D:3      | 4586 ||| IDENTIFYING red potion
  4587 | D:3      | 4587 ||| DROPPING potion of flight.
  4588 | D:3      | 4588 ||| DROPPING potion of lignification.
  4589 | D:3      | 4589 ||| DROPPING potion of degeneration.
  4646 | D:4      | Reached skill level 7 in Axes
  4681 | D:4      | Noticed Robin
  4685 | D:4      | 4685 ||| Stepping ~*~*~tactically~*~*~ (hiding).
  4690 | D:4      | 4690 ||| INVOKING Berserk.
  4694 | D:4      | Killed Robin
  4711 | D:4      | HP: 10/43 [orc priest/+0 club (1)]
  4712 | D:4      | 4712 ||| READING scroll of teleportation.
  4755 | D:4      | 4755 ||| INVOKING Berserk.
  5007 | D:4      | 5007 ||| Stepping ~*~*~tactically~*~*~ (stealth).
  5018 | D:4      | 5018 ||| Stepping ~*~*~tactically~*~*~ (stealth).
  5248 | D:4      | 5248 ||| UPGRADING to +0 helmet.
  5253 | D:4      | 5253 ||| UPGRADING to +0 scale mail.
  5263 | D:4      | 5263 ||| DROPPING +0 ring mail.
  5264 | D:4      | 5264 ||| UPGRADING to +0 chain mail.
  5274 | D:4      | 5274 ||| DROPPING +0 scale mail.
  5275 | D:4      | 5275 ||| READING scroll labelled UDWEN TITOSE.
  5276 | D:4      | 5276 ||| READING scroll labelled CUDYPTI WAMIL.
  5383 | D:5      | Entered Level 5 of the Dungeon
  5538 | D:5      | Reached skill level 3 in Armour
  5556 | D:5      | 5556 ||| Stepping ~*~*~tactically~*~*~ (stealth).
  5566 | D:5      | 5566 ||| Stepping ~*~*~tactically~*~*~ (stealth).
  5571 | D:5      | 5571 ||| Stepping ~*~*~tactically~*~*~ (stealth).
  5573 | D:5      | Noticed a yak
  5574 | D:5      | 5574 ||| Stepping ~*~*~tactically~*~*~ (stealth).
  5576 | D:5      | 5576 ||| Stepping ~*~*~tactically~*~*~ (stealth).
  5577 | D:5      | Noticed a yak
  5578 | D:5      | 5578 ||| Stepping ~*~*~tactically~*~*~ (stealth).
  5579 | D:5      | Noticed a yak
  5580 | D:5      | 5580 ||| Stepping ~*~*~tactically~*~*~ (stealth).
  5581 | D:5      | 5581 ||| Stepping ~*~*~tactically~*~*~ (stealth).
  5585 | D:5      | Killed a yak
  5586 | D:5      | Reached XP level 8. HP: 35/49 MP: 8/8
  5587 | D:5      | 5587 ||| INVOKING Berserk.
  5592 | D:5      | HP: 13/73 [yak (7)]
  5593 | D:5      | Killed a yak
  5596 | D:5      | Killed a yak
  5655 | D:5      | 5655 ||| Stepping ~*~*~tactically~*~*~ (stealth).
  5986 | D:5      | Found a burning altar of Makhleb.
  5987 | D:5      | Found a hide-covered altar of Uskayaw.
  6005 | D:5      | Noticed Ijyb
  6006 | D:5      | 6006 ||| Stepping ~*~*~tactically~*~*~ (hiding).
  6007 | D:5      | 6007 ||| Stepping ~*~*~tactically~*~*~ (hiding).
  6008 | D:5      | 6008 ||| Stepping ~*~*~tactically~*~*~ (hiding).
  6011 | D:5      | 6011 ||| INVOKING Berserk.
  6015 | D:5      | Killed Ijyb
  6157 | D:5      | 6157 ||| DROPPING +2 mace of holy wrath.
  6234 | D:5      | 6234 ||| INVOKING Berserk.
  6236 | D:5      | Reached skill level 8 in Axes
  6593 | D:5      | 6593 ||| UPGRADING to +4 ring of evasion.
  6594 | D:5      | 6594 ||| READING scroll labelled QULYRA IPUPEOCK.
  6595 | D:5      | 6595 ||| READING 2 scrolls of identify.
  6595 | D:5      | 6595 ||| IDENTIFYING clear potion
  6596 | D:5      | 6596 ||| DROPPING potion of berserk rage.
  6821 | D:6      | 6821 ||| INVOKING Berserk.
  6825 | D:6      | Reached skill level 6 in Fighting
  6854 | D:6      | 6854 ||| Stepping ~*~*~tactically~*~*~ (stealth).
  6858 | D:6      | 6858 ||| INVOKING Berserk.
  6862 | D:6      | Reached XP level 9. HP: 55/55 MP: 9/9
  7219 | D:6      | 7219 ||| READING scroll labelled JECOSE QUBEEDE.
  7290 | D:6      | 7290 ||| STAIRDANCE
  7296 | D:6      | 7296 ||| STAIRDANCE
  7340 | D:6      | 7340 ||| STAIRDANCE
  7345 | D:6      | 7345 ||| STAIRDANCE
  7360 | D:6      | Reached skill level 9 in Axes
  7473 | D:6      | 7473 ||| INVOKING Berserk.
  7803 | D:6      | 7803 ||| DROPPING amulet of magic regeneration.
  7804 | D:6      | 7804 ||| READING 2 scrolls of identify.
  7804 | D:6      | 7804 ||| IDENTIFYING silvery potion
  7805 | D:6      | 7805 ||| DROPPING potion of attraction.
  7834 | D:7      | 7834 ||| FLEEEEING.
  7835 | D:7      | 7835 ||| FLEEEEING.
  7836 | D:7      | 7836 ||| FLEEEEING.
  7837 | D:7      | 7837 ||| STAIRDANCE
  7936 | D:7      | 7936 ||| Stepping ~*~*~tactically~*~*~ (hiding).
  7951 | D:7      | 7951 ||| Stepping ~*~*~tactically~*~*~ (stealth).
  7957 | D:7      | 7957 ||| INVOKING Berserk.
  8027 | D:7      | 8027 ||| READING scroll of enchant armour.
  8027 | D:7      | 8027 ||| ENCHANTING +0 helmet.
  8079 | D:7      | Killed an unseen horror
  8151 | D:7      | Reached **** piety under Trog
  8210 | D:7      | 8210 ||| Stepping ~*~*~tactically~*~*~ (stealth).
  8211 | D:7      | 8211 ||| Stepping ~*~*~tactically~*~*~ (stealth).
  8217 | D:7      | 8217 ||| Stepping ~*~*~tactically~*~*~ (stealth).
  8218 | D:7      | 8218 ||| Stepping ~*~*~tactically~*~*~ (stealth).
  8219 | D:7      | 8219 ||| Stepping ~*~*~tactically~*~*~ (stealth).
  8231 | D:7      | 8231 ||| Stepping ~*~*~tactically~*~*~ (stealth).
  8234 | D:7      | 8234 ||| Stepping ~*~*~tactically~*~*~ (stealth).
  8235 | D:7      | 8235 ||| Stepping ~*~*~tactically~*~*~ (stealth).
  8286 | D:7      | Reached skill level 10 in Axes
  8368 | D:7      | 8368 ||| Stepping ~*~*~tactically~*~*~ (hiding).
  8372 | D:7      | 8372 ||| Stepping ~*~*~tactically~*~*~ (hiding).
  8374 | D:7      | 8374 ||| INVOKING Berserk.
  8382 | D:7      | Reached skill level 6 in Armour
  8503 | D:7      | Found a staircase to the Ecumenical Temple.
  8582 | D:7      | Identified the +3 leather armour of Kiytzer {rN+ MP+9
                  | Slay+3 SInv}
  8586 | D:7      | 8586 ||| INVOKING Berserk.
  8739 | D:7      | 8739 ||| INVOKING Berserk.
  8948 | D:7      | 8948 ||| UPGRADING to +0 plate armour.
  8958 | D:7      | 8958 ||| DROPPING +1 ring mail of fire resistance.
  8959 | D:7      | 8959 ||| DROPPING +0 chain mail.
  8960 | D:7      | 8960 ||| READING scroll labelled LUAPOCOASO.
  8961 | D:7      | 8961 ||| READING 3 scrolls of identify.
  8961 | D:7      | 8961 ||| IDENTIFYING fuming silvery potion
  8962 | D:7      | 8962 ||| READING 2 scrolls of identify.
  8962 | D:7      | 8962 ||| IDENTIFYING lumpy silvery potion
  8963 | D:7      | 8963 ||| DROPPING potion of brilliance.
  9090 | D:8      | Found a shimmering altar of Xom.
  9091 | D:8      | Found a shimmering altar of Xom.
  9093 | D:8      | Found a shimmering altar of Xom.
  9093 | D:8      | Found a shimmering altar of Xom.
  9114 | D:8      | Found a shimmering altar of Xom.
  9115 | D:8      | Found a shimmering altar of Xom.
  9115 | D:8      | Found a shimmering altar of Xom.
  9115 | D:8      | Found a shimmering altar of Xom.
  9121 | D:8      | Found a shimmering altar of Xom.
  9123 | D:8      | Noticed a black mamba
  9123 | D:8      | a water moccasin changed into a black mamba
  9125 | D:8      | a black mamba changed into a jumping spider
  9189 | D:8      | Reached XP level 10. HP: 63/63 MP: 10/10
  9317 | D:8      | 9317 ||| Stepping ~*~*~tactically~*~*~ (hiding).
  9320 | D:8      | 9320 ||| Stepping ~*~*~tactically~*~*~ (hiding).
  9321 | D:8      | 9321 ||| Stepping ~*~*~tactically~*~*~ (hiding).
  9322 | D:8      | 9322 ||| Stepping ~*~*~tactically~*~*~ (hiding).
  9447 | D:8      | 9447 ||| Stepping ~*~*~tactically~*~*~ (hiding).
  9448 | D:8      | 9448 ||| Stepping ~*~*~tactically~*~*~ (hiding).
  9457 | D:8      | 9457 ||| INVOKING Berserk.
  9494 | D:8      | 9494 ||| INVOKING Berserk.
  9717 | D:8      | Found Meowkag's Serpentskin Sales.
  9941 | D:8      | 9941 ||| UPGRADING to +4 ring of protection.
  9967 | D:9      | 9967 ||| STAIRDANCE
  9974 | D:9      | 9974 ||| STAIRDANCE
  9979 | D:9      | 9979 ||| STAIRDANCE
  9981 | D:8      | 9981 ||| INVOKING Berserk.
 10122 | D:9      | 10122 ||| STAIRDANCE
 10178 | D:9      | Noticed Harold
 10179 | D:9      | 10179 ||| Stepping ~*~*~tactically~*~*~ (hiding).
 10180 | D:9      | 10180 ||| Stepping ~*~*~tactically~*~*~ (hiding).
 10181 | D:9      | 10181 ||| FLEEEEING.
 10182 | D:9      | 10182 ||| FLEEEEING.
 10185 | D:9      | 10185 ||| INVOKING Berserk.
 10191 | D:9      | Killed Harold
 10192 | D:9      | Reached skill level 11 in Axes
 10370 | D:9      | 10370 ||| INVOKING Berserk.
 10382 | D:9      | Found a staircase to the Lair.
 10658 | D:9      | Noticed Gastronok
 10659 | D:9      | 10659 ||| DROPPING ring of flight.
 10660 | D:9      | 10660 ||| READING 3 scrolls of teleportation.
 10669 | D:9      | Noticed a two-headed ogre
 10673 | D:9      | 10673 ||| INVOKING Berserk.
 10677 | D:9      | Killed a two-headed ogre
 10678 | D:9      | Reached skill level 9 in Fighting
 10737 | D:9      | 10737 ||| Stepping ~*~*~tactically~*~*~ (stealth).
 10738 | D:9      | 10738 ||| READING 2 scrolls of teleportation.
 10750 | D:9      | Reached XP level 11. HP: 42/71 MP: 11/11
 10760 | D:9      | 10760 ||| INVOKING Berserk.
 10775 | D:9      | 10775 ||| Stepping ~*~*~tactically~*~*~ (stealth).
 10785 | D:9      | Noticed a manticore
 10785 | D:9      | Noticed a boulder beetle
 10786 | D:9      | HP: 13/71 [kobold brigand/+0 bardiche (10)]
 10787 | D:9      | 10787 ||| READING scroll of teleportation.
 10788 | D:9      | 10788 ||| DRINKING potion of heal wounds.
 10967 | D:9      | 10967 ||| Stepping ~*~*~tactically~*~*~ (hiding).
 10968 | D:9      | 10968 ||| Stepping ~*~*~tactically~*~*~ (hiding).
 11048 | D:9      | 11048 ||| INVOKING Berserk.
 11069 | D:9      | Killed a boulder beetle
 11070 | D:9      | Reached skill level 12 in Axes
 11135 | D:9      | 11135 ||| INVOKING Berserk.
 11141 | D:9      | Killed a manticore
 11318 | D:9      | 11318 ||| INVOKING Berserk.
 11487 | D:9      | Reached skill level 9 in Armour
 11629 | D:9      | 11629 ||| READING scroll labelled YHOUCI ASEUR.
 11630 | D:9      | 11630 ||| Stepping ~*~*~tactically~*~*~ (hiding).
 11632 | D:9      | 11632 ||| Stepping ~*~*~tactically~*~*~ (hiding).
 11635 | D:9      | 11635 ||| DRINKING 4 potions of curing.
 11635 | D:9      | 11635 ||| (to cure confusion)
 11645 | D:9      | 11645 ||| DROPPING +0 flail.
 11740 | D:9      | 11740 ||| Stepping randomly (stuck).
 11825 | D:9      | 11825 ||| INVOKING Berserk.
 11831 | D:9      | Killed Gastronok
 11832 | D:9      | Reached skill level 3 in Dodging
 12106 | D:9      | 12106 ||| PLANNING LAIR
 12147 | Lair:1   | Entered Level 1 of the Lair of Beasts
 12147 | Lair:1   | Noticed a death yak
 12147 | Lair:1   | Noticed a death yak
 12148 | Lair:1   | 12148 ||| INVOKING Berserk.
 12154 | Lair:1   | Killed a death yak
 12161 | Lair:1   | Killed a death yak
 12378 | Lair:1   | 12378 ||| Stepping ~*~*~tactically~*~*~ (hiding).
 12379 | Lair:1   | 12379 ||| Stepping ~*~*~tactically~*~*~ (hiding).
 12381 | Lair:1   | 12381 ||| INVOKING Berserk.
 12385 | Lair:1   | Reached skill level 3 in Throwing
 12386 | Lair:1   | Reached ***** piety under Trog
 12469 | Lair:1   | 12469 ||| READING scroll of enchant armour.
 12469 | Lair:1   | 12469 ||| ENCHANTING +1 helmet.
 12517 | Lair:1   | 12517 ||| INVOKING Berserk.
 12520 | Lair:1   | Reached skill level 13 in Axes
 12520 | Lair:1   | Reached XP level 12. HP: 77/77 MP: 12/12
 12771 | Lair:1   | Noticed Maggie
 12791 | Lair:1   | Killed Maggie
 12858 | Lair:1   | 12858 ||| Stepping ~*~*~tactically~*~*~ (stealth).
 12860 | Lair:1   | 12860 ||| Stepping ~*~*~tactically~*~*~ (stealth).
 12862 | Lair:1   | 12862 ||| Stepping ~*~*~tactically~*~*~ (hiding).
 12875 | Lair:1   | 12875 ||| INVOKING Berserk.
 13109 | Lair:1   | 13109 ||| READING scroll labelled WODEIHI CIYBOUNO.
 13121 | Lair:2   | Found a staircase to the Swamp.
 13136 | Lair:2   | Noticed a catoblepas
 13137 | Lair:2   | 13137 ||| INVOKING Brothers in Arms.
 13141 | Lair:2   | 13141 ||| INVOKING Berserk.
 13144 | Lair:2   | Killed a catoblepas
 13212 | Lair:2   | 13212 ||| Stepping ~*~*~tactically~*~*~ (stealth).
 13270 | Lair:2   | 13270 ||| Stepping ~*~*~tactically~*~*~ (stealth).
 13299 | Lair:2   | Reached skill level 14 in Axes
 13397 | Lair:2   | 13397 ||| INVOKING Berserk.
 13602 | Lair:2   | 13602 ||| INVOKING Berserk.
 13798 | Lair:2   | 13798 ||| Stepping ~*~*~tactically~*~*~ (hiding).
 13810 | Lair:2   | 13810 ||| INVOKING Berserk.
 13957 | Lair:2   | Found a hole to the Spider Nest.
 13983 | Lair:2   | 13983 ||| READING scroll of enchant weapon.
 13983 | Lair:2   | 13983 ||| ENCHANTING +3 war axe of flaming.
 14309 | Lair:3   | Noticed a death yak
 14309 | Lair:3   | Noticed a death yak
 14313 | Lair:3   | 14313 ||| STAIRDANCE
 14313 | Lair:3   | Noticed a death yak
 14322 | Lair:3   | 14322 ||| STAIRDANCE
 14324 | Lair:2   | 14324 ||| INVOKING Berserk.
 14324 | Lair:2   | HP: 22/118 [death yak (14)]
 14330 | Lair:2   | Killed a death yak
 14331 | Lair:2   | Killed a death yak
 14614 | Lair:3   | 14614 ||| INVOKING Berserk.
 14618 | Lair:3   | Killed a death yak
 14745 | Lair:3   | Noticed an eight-headed hydra
 14750 | Lair:3   | 14750 ||| INVOKING Berserk.
 14751 | Lair:3   | Killed a seven-headed hydra
 14948 | Lair:3   | Reached XP level 13. HP: 84/84 MP: 13/13
 15065 | Lair:3   | 15065 ||| Stepping ~*~*~tactically~*~*~ (hiding).
 15084 | Lair:3   | Noticed Amaemon
 15085 | Lair:3   | 15085 ||| FLEEEEING.
 15086 | Lair:3   | 15086 ||| FLEEEEING.
 15088 | Lair:3   | 15088 ||| FLEEEEING.
 15215 | Lair:3   | 15215 ||| FLEEEEING.
 15216 | Lair:3   | 15216 ||| FLEEEEING.
 15217 | Lair:3   | 15217 ||| FLEEEEING.
 15339 | Lair:3   | 15339 ||| INVOKING Berserk.
 15347 | Lair:3   | Reached skill level 15 in Axes
 15625 | Lair:3   | 15625 ||| INVOKING Berserk.
 15778 | Lair:3   | 15778 ||| INVOKING Berserk.
 16053 | Lair:3   | 16053 ||| INVOKING Berserk.
 16059 | Lair:3   | Killed Amaemon
 16479 | Lair:4   | 16479 ||| Stepping ~*~*~tactically~*~*~ (stealth).
 16481 | Lair:4   | 16481 ||| Stepping ~*~*~tactically~*~*~ (stealth).
 16673 | Lair:4   | 16673 ||| INVOKING Berserk.
 17239 | Lair:4   | 17239 ||| READING 6 scrolls of identify.
 17239 | Lair:4   | 17239 ||| IDENTIFYING brown potion
 17240 | Lair:4   | 17240 ||| DROPPING potion of invisibility.
 17272 | Lair:5   | Entered Level 5 of the Lair of Beasts
 17285 | Lair:5   | Reached skill level 12 in Fighting
 17347 | Lair:5   | 17347 ||| INVOKING Berserk.
 17448 | Lair:5   | 17448 ||| Stepping ~*~*~tactically~*~*~ (stealth).
 17477 | Lair:5   | 17477 ||| Stepping ~*~*~tactically~*~*~ (stealth).
 17644 | Lair:5   | 17644 ||| Stepping ~*~*~tactically~*~*~ (hiding).
 17658 | Lair:5   | 17658 ||| INVOKING Berserk.
 17688 | Lair:5   | 17688 ||| Stepping ~*~*~tactically~*~*~ (stealth).
 17718 | Lair:5   | 17718 ||| Stepping ~*~*~tactically~*~*~ (stealth).
 17721 | Lair:5   | 17721 ||| INVOKING Berserk.
 17762 | Lair:5   | 17762 ||| Stepping ~*~*~tactically~*~*~ (stealth).
 17763 | Lair:5   | 17763 ||| Stepping ~*~*~tactically~*~*~ (stealth).
 17764 | Lair:5   | 17764 ||| Stepping ~*~*~tactically~*~*~ (stealth).
 17769 | Lair:5   | 17769 ||| Stepping ~*~*~tactically~*~*~ (stealth).
 17811 | Lair:5   | 17811 ||| INVOKING Berserk.
 17908 | Lair:5   | 17908 ||| FLEEEEING.
 17909 | Lair:5   | 17909 ||| FLEEEEING.
 17911 | Lair:5   | 17911 ||| STAIRDANCE
 18051 | Lair:5   | 18051 ||| Stepping ~*~*~tactically~*~*~ (stealth).
 18053 | Lair:5   | 18053 ||| Stepping ~*~*~tactically~*~*~ (hiding).
 18078 | Lair:5   | 18078 ||| Stepping ~*~*~tactically~*~*~ (stealth).
 18121 | Lair:5   | 18121 ||| FLEEEEING.
 18122 | Lair:5   | 18122 ||| FLEEEEING.
 18125 | Lair:5   | 18125 ||| FLEEEEING.
 18126 | Lair:5   | 18126 ||| FLEEEEING.
 18127 | Lair:5   | 18127 ||| FLEEEEING.
 18128 | Lair:5   | 18128 ||| FLEEEEING.
 18129 | Lair:5   | 18129 ||| STAIRDANCE
 18131 | Lair:4   | 18131 ||| INVOKING Berserk.
 18288 | Lair:5   | 18288 ||| STAIRDANCE
 18290 | Lair:4   | 18290 ||| INVOKING Berserk.
 18296 | Lair:4   | Reached skill level 16 in Axes
 18403 | Lair:5   | 18403 ||| INVOKING Berserk.
 18406 | Lair:5   | Noticed a dire elephant
 18424 | Lair:5   | Killed a dire elephant
 18429 | Lair:5   | 18429 ||| FLEEEEING.
 18430 | Lair:5   | 18430 ||| STAIRDANCE
 18583 | Lair:5   | 18583 ||| STAIRDANCE
 18694 | Lair:5   | 18694 ||| Stepping ~*~*~tactically~*~*~ (stealth).
 18710 | Lair:5   | Gained mutation: Your large and strong wings let you fly.
                  | [Gargoyle growth]
 18710 | Lair:5   | Reached XP level 14. HP: 84/92 MP: 14/14
 18719 | Lair:5   | Reached skill level 12 in Armour
 18723 | Lair:5   | 18723 ||| FLEEEEING.
 18724 | Lair:5   | 18724 ||| FLEEEEING.
 18725 | Lair:5   | 18725 ||| FLEEEEING.
 18726 | Lair:5   | 18726 ||| FLEEEEING.
 18727 | Lair:5   | 18727 ||| FLEEEEING.
 18732 | Lair:5   | 18732 ||| FLEEEEING.
 18733 | Lair:5   | 18733 ||| STAIRDANCE
 18913 | Lair:5   | 18913 ||| INVOKING Berserk.
 19052 | Lair:5   | 19052 ||| INVOKING Trog's Hand.
 19055 | Lair:5   | 19055 ||| INVOKING Berserk.
 19164 | Lair:5   | 19164 ||| Stepping ~*~*~tactically~*~*~ (stealth).
 19180 | Lair:5   | 19180 ||| Stepping ~*~*~tactically~*~*~ (stealth).
 19182 | Lair:5   | 19182 ||| INVOKING Berserk.
 19217 | Lair:5   | Reached skill level 6 in Throwing
 19340 | Lair:5   | 19340 ||| INVOKING Berserk.
 19909 | Lair:5   | Found a staircase to the Slime Pits.
 20046 | Lair:5   | 20046 ||| PLANNING D:1-11
 20046 | Lair:5   | 20046 ||| DRINKING 2 sedimented inky potions.
 20046 | Lair:5   | Gained mutation: You sometimes lose your temper in combat.
                  | [potion of mutation]
 20047 | Lair:5   | 20047 ||| DRINKING potion of mutation.
 20047 | Lair:5   | Lost mutation: You sometimes lose your temper in combat.
                  | [potion of mutation]
 20047 | Lair:5   | Gained mutation: You are somewhat resistant to further
                  | mutation. [potion of mutation]
 20048 | Lair:5   | 20048 ||| READING 7 scrolls of identify.
 20048 | Lair:5   | 20048 ||| IDENTIFYING metallic silvery potion
 20159 | D:10     | Entered Level 10 of the Dungeon
 20170 | D:10     | 20170 ||| Stepping ~*~*~tactically~*~*~ (hiding).
 20173 | D:10     | 20173 ||| Stepping ~*~*~tactically~*~*~ (hiding).
 20320 | D:10     | 20320 ||| Stepping ~*~*~tactically~*~*~ (stealth).
 20321 | D:10     | 20321 ||| Stepping ~*~*~tactically~*~*~ (stealth).
 20806 | D:10     | 20806 ||| DROPPING orb of guile.
 20807 | D:10     | 20807 ||| DROPPING +6 ring of strength.
 20884 | D:11     | 20884 ||| FLEEEEING.
 20885 | D:11     | 20885 ||| Stepping ~*~*~tactically~*~*~ (stealth).
 20889 | D:11     | 20889 ||| FLEEEEING.
 20890 | D:11     | 20890 ||| FLEEEEING.
 20891 | D:11     | 20891 ||| FLEEEEING.
 20892 | D:11     | 20892 ||| FLEEEEING.
 20895 | D:11     | 20895 ||| STAIRDANCE
 20962 | D:11     | 20962 ||| STAIRDANCE
 21074 | D:11     | Identified the +1 robe of Satsik {rCorr Stlth+}
 21078 | D:11     | 21078 ||| INVOKING Brothers in Arms.
 21079 | D:11     | 21079 ||| INVOKING Brothers in Arms.
 21080 | D:11     | 21080 ||| INVOKING Berserk.
 21097 | D:11     | 21097 ||| Stepping ~*~*~tactically~*~*~ (hiding).
 21098 | D:11     | 21098 ||| INVOKING Brothers in Arms.
 21100 | D:11     | 21100 ||| INVOKING Trog's Hand.
 21180 | D:11     | Identified the +7 sling of the Glamorous God {freeze,
                  | Contam rC+ MP+9}
 21181 | D:11     | 21181 ||| Stepping ~*~*~tactically~*~*~ (hiding).
 21183 | D:11     | 21183 ||| Stepping ~*~*~tactically~*~*~ (stealth).
 21184 | D:11     | 21184 ||| Stepping ~*~*~tactically~*~*~ (stealth).
 21226 | D:11     | 21226 ||| Stepping ~*~*~tactically~*~*~ (hiding).
 21263 | D:11     | 21263 ||| INVOKING Berserk.
 21497 | D:11     | 21497 ||| Stepping ~*~*~tactically~*~*~ (hiding).
 21562 | D:11     | 21562 ||| READING scroll of enchant armour.
 21562 | D:11     | 21562 ||| ENCHANTING +0 pair of boots.
 21602 | D:11     | Identified the +7 great sword of Yhiem {speed, rElec rF+
                  | Dex+4 SInv}
 21887 | D:11     | 21887 ||| PLANNING D
 21887 | D:11     | 21887 ||| UPGRADING to +1 plate armour of willpower.
 21897 | D:11     | 21897 ||| DROPPING +0 plate armour.
 21898 | D:11     | 21898 ||| DROPPING ring of positive energy.
 21899 | D:11     | 21899 ||| DRINKING 2 cyan potions.
 22000 | D:11     | 22000 ||| DROPPING potion of ambrosia.
 22015 | D:12     | 22015 ||| Stepping ~*~*~tactically~*~*~ (stealth).
 22017 | D:12     | 22017 ||| Stepping ~*~*~tactically~*~*~ (stealth).
 22031 | D:12     | Noticed Jorgrun
 22032 | D:12     | 22032 ||| Stepping ~*~*~tactically~*~*~ (hiding).
 22036 | D:12     | Noticed Josephine
 22037 | D:12     | 22037 ||| INVOKING Brothers in Arms.
 22038 | D:12     | 22038 ||| INVOKING Berserk.
 22046 | D:12     | Killed Jorgrun
 22059 | D:12     | Killed Josephine
 22080 | D:12     | 22080 ||| FLEEEEING.
 22086 | D:12     | 22086 ||| STAIRDANCE
 22132 | D:12     | 22132 ||| Stepping ~*~*~tactically~*~*~ (stealth).
 22134 | D:12     | 22134 ||| Stepping ~*~*~tactically~*~*~ (stealth).
 22135 | D:12     | 22135 ||| Stepping ~*~*~tactically~*~*~ (stealth).
 22138 | D:12     | 22138 ||| Stepping ~*~*~tactically~*~*~ (stealth).
 22139 | D:12     | 22139 ||| Stepping ~*~*~tactically~*~*~ (stealth).
 22143 | D:12     | 22143 ||| FLEEEEING.
 22144 | D:12     | 22144 ||| FLEEEEING.
 22145 | D:12     | 22145 ||| FLEEEEING.
 22146 | D:12     | 22146 ||| FLEEEEING.
 22147 | D:12     | 22147 ||| STAIRDANCE
 22230 | D:12     | 22230 ||| STAIRDANCE
 22430 | D:12     | 22430 ||| READING scroll of enchant weapon.
 22430 | D:12     | 22430 ||| ENCHANTING +4 war axe of flaming.
 22496 | D:12     | Found a runed translucent door.
 22497 | D:12     | Found a runed translucent door.
 22516 | D:12     | Found a runed translucent door.
 22607 | D:12     | 22607 ||| Stepping ~*~*~tactically~*~*~ (cloud).
 22738 | D:12     | 22738 ||| Stepping ~*~*~tactically~*~*~ (stealth).
 22821 | D:12     | Reached skill level 15 in Fighting
 23062 | D:12     | 23062 ||| Stepping ~*~*~tactically~*~*~ (hiding).
 23066 | D:12     | Reached XP level 15. HP: 103/103 MP: 15/15
 23121 | D:12     | Noticed Kirke
 23122 | D:12     | 23122 ||| INVOKING Trog's Hand.
 23123 | D:12     | 23123 ||| INVOKING Brothers in Arms.
 23124 | D:12     | Noticed Azrael
 23129 | D:12     | 23129 ||| INVOKING Brothers in Arms.
 23145 | D:12     | 23145 ||| INVOKING Berserk.
 23146 | D:12     | Killed Kirke
 23152 | D:12     | Killed Azrael
 23263 | D:12     | 23263 ||| Stepping ~*~*~tactically~*~*~ (hiding).
 23265 | D:12     | 23265 ||| Stepping ~*~*~tactically~*~*~ (hiding).
 23323 | D:12     | Found a runed translucent door.
 23347 | D:12     | Noticed Fannar
 23366 | D:12     | 23366 ||| INVOKING Berserk.
 23370 | D:12     | HP: 29/154 [Fannar/staff of cold (13)]
 23374 | D:12     | Killed Fannar
 23376 | D:12     | HP: 25/154 [orc warrior/+0 halberd (5)]
 23385 | D:12     | 23385 ||| READING scroll of teleportation.
 23386 | D:12     | 23386 ||| DRINKING 2 potions of heal wounds.
 23794 | D:12     | Noticed a tengu reaver
 23797 | D:12     | Identified the +7 rapier "Sycoali Haug" {vorpal, Dex+6}
 23966 | D:12     | Found a staircase to the Orcish Mines.
 24297 | D:12     | 24297 ||| UPGRADING to +0 buckler.
 24302 | D:12     | 24302 ||| DRINKING 2 orange potions.
 24303 | D:12     | 24303 ||| READING 9 scrolls of identify.
 24303 | D:12     | 24303 ||| IDENTIFYING sedimented clear potion
 24304 | D:12     | 24304 ||| DROPPING potion of magic.
 24367 | D:13     | 24367 ||| Stepping ~*~*~tactically~*~*~ (stealth).
 24384 | D:13     | 24384 ||| Stepping ~*~*~tactically~*~*~ (stealth).
 24387 | D:13     | 24387 ||| Stepping ~*~*~tactically~*~*~ (stealth).
 24388 | D:13     | 24388 ||| Stepping ~*~*~tactically~*~*~ (stealth).
 24389 | D:13     | 24389 ||| Stepping ~*~*~tactically~*~*~ (stealth).
 24390 | D:13     | 24390 ||| Stepping ~*~*~tactically~*~*~ (stealth).
 24391 | D:13     | 24391 ||| Stepping ~*~*~tactically~*~*~ (stealth).
 24396 | D:13     | 24396 ||| Stepping ~*~*~tactically~*~*~ (stealth).
 24400 | D:13     | Reached skill level 1 in Shields
 24438 | D:13     | 24438 ||| Stepping ~*~*~tactically~*~*~ (stealth).
 24441 | D:13     | 24441 ||| Stepping ~*~*~tactically~*~*~ (hiding).
 24442 | D:13     | 24442 ||| Stepping ~*~*~tactically~*~*~ (hiding).
 24447 | D:13     | 24447 ||| Stepping ~*~*~tactically~*~*~ (stealth).
 24456 | D:13     | 24456 ||| INVOKING Berserk.
 24476 | D:13     | Reached skill level 3 in Shields
 24620 | D:13     | 24620 ||| INVOKING Berserk.
 24868 | D:13     | 24868 ||| Stepping ~*~*~tactically~*~*~ (hiding).
 24880 | D:13     | 24880 ||| Stepping ~*~*~tactically~*~*~ (stealth).
 24883 | D:13     | 24883 ||| Stepping ~*~*~tactically~*~*~ (stealth).
 24932 | D:13     | 24932 ||| Stepping ~*~*~tactically~*~*~ (hiding).
 24933 | D:13     | 24933 ||| Stepping ~*~*~tactically~*~*~ (hiding).
 24936 | D:13     | Found Zinug's Antique Armour Boutique.
 24972 | D:13     | 24972 ||| BUYING pair of gloves (121 gold).
 24972 | D:13     | Bought a pair of gloves for 121 gold pieces
 25067 | D:13     | Reached skill level 6 in Shields
 25124 | D:13     | Found an ornate altar of the Wu Jian Council.
 25192 | D:13     | 25192 ||| UPGRADING to +0 pair of gloves.
 25214 | D:14     | 25214 ||| Stepping ~*~*~tactically~*~*~ (hiding).
 25215 | D:14     | 25215 ||| Stepping ~*~*~tactically~*~*~ (hiding).
 25282 | D:14     | Found a gate to the Vaults.
 25397 | D:14     | 25397 ||| READING scroll of enchant armour.
 25397 | D:14     | 25397 ||| ENCHANTING +0 pair of gloves.
 25515 | D:14     | Noticed Snorg
 25516 | D:14     | 25516 ||| INVOKING Brothers in Arms.
 25521 | D:14     | 25521 ||| INVOKING Berserk.
 25522 | D:14     | Killed Snorg
 25636 | D:14     | Noticed Frances
 25637 | D:14     | 25637 ||| INVOKING Brothers in Arms.
 25640 | D:14     | 25640 ||| INVOKING Berserk.
 25659 | D:14     | Killed Frances
 25706 | D:14     | 25706 ||| READING scroll of enchant weapon.
 25706 | D:14     | 25706 ||| ENCHANTING +5 war axe of flaming.
 25736 | D:14     | 25736 ||| READING scroll of enchant armour.
 25736 | D:14     | 25736 ||| ENCHANTING +1 pair of gloves.
 25829 | D:14     | 25829 ||| Stepping ~*~*~tactically~*~*~ (hiding).
 25999 | D:14     | Found a corrupted altar of Lugonu.
 26289 | D:15     | Entered Level 15 of the Dungeon
 26293 | D:15     | 26293 ||| Stepping ~*~*~tactically~*~*~ (hiding).
 26295 | D:15     | 26295 ||| INVOKING Berserk.
 26837 | D:15     | Reached skill level 9 in Shields
 26876 | D:15     | Noticed Nessos
 26886 | D:15     | 26886 ||| Stepping ~*~*~tactically~*~*~ (hiding).
 26893 | D:15     | Killed Nessos
 27042 | D:15     | 27042 ||| Stepping ~*~*~tactically~*~*~ (hiding).
 27082 | D:15     | Found a staircase to the Depths.
 27083 | D:15     | 27083 ||| FLEEEEING.
 27090 | D:15     | 27090 ||| INVOKING Berserk.
 27405 | D:15     | 27405 ||| PLANNING ORC
 27405 | D:15     | 27405 ||| DROPPING +2 pair of gloves.
 27406 | D:15     | 27406 ||| UPGRADING to +0 kite shield.
 27416 | D:15     | 27416 ||| DROPPING +0 buckler.
 27497 | Orc:1    | Entered Level 1 of the Orcish Mines
 27654 | Orc:2    | Entered Level 2 of the Orcish Mines
 27691 | Orc:2    | 27691 ||| Stepping ~*~*~tactically~*~*~ (stealth).
 27698 | Orc:2    | 27698 ||| Stepping ~*~*~tactically~*~*~ (stealth).
 27750 | Orc:2    | 27750 ||| FLEEEEING.
 27837 | Orc:2    | 27837 ||| FLEEEEING.
 27838 | Orc:2    | 27838 ||| FLEEEEING.
 27839 | Orc:2    | 27839 ||| FLEEEEING.
 27840 | Orc:2    | 27840 ||| FLEEEEING.
 27843 | Orc:2    | Found Jaif Epn's Antique Armour Shop.
 27844 | Orc:2    | 27844 ||| INVOKING Berserk.
 27866 | Orc:2    | 27866 ||| Stepping ~*~*~tactically~*~*~ (hiding).
 27868 | Orc:2    | 27868 ||| INVOKING Trog's Hand.
 27869 | Orc:2    | 27869 ||| INVOKING Brothers in Arms.
 27874 | Orc:2    | HP: 20/103 [orc priest/divine providence (10)]
 27875 | Orc:2    | 27875 ||| READING 2 scrolls of teleportation.
 27875 | Orc:2    | HP: 7/103 [ogre/+0 giant club (14)]
 27875 | Orc:2    | Slain by a troll

Levels and vault maps discovered:
D:1:      minmay_arrival_up_and_down, layout_loops_corners
D:2:      minmay_spotlight, layout_basic, shapermc_ecumenical_altar_mp_vishouse
D:3:      layout_loops_ring, trog_hazing_becter,
          mainiacjoe_overflow_large_starburst, serial_shops,
          nicolae_shop_waterfront, kennysheep_generic_room_3,
          uniq_crazy_yiuf_cottage, uniq_grinder, uniq_natasha
D:4:      layout_rooms, wad_floor_pattern_untrapped, uniq_robin
D:5:      layout_basic, mainiacjoe_overflow_divided_tiny, serial_curves,
          eino_curves_02, eino_curves_04, eino_curves_02, uniq_ijyb
D:6:      layout_basic
D:7:      layout_gridville, minmay_temple_entry_crystal_x,
          dreamdust_princess_bridge
D:8:      layout_gridville, xom_shifter_show, guppyfry_shop_venom
D:9:      cheibrodos_barr_body, layout_basic, due_lair_maze_entry_diamond,
          serial_glass, glass_columns_c, glass_columns_a, glass_columns_c,
          glass_columns_b, glass_columns_b, glass_columns_a, glass_columns_b,
          glass_columns_b, glass_columns_a, glass_columns_a, feat_on_display,
          minmay_strange_pillars, item_on_display_a, grunt_ministairs_2,
          uniq_gastronok, uniq_harold
D:10:     layout_irregular_city
D:11:     minmay_cut_squares, layout_cave_pools, amcnicky_mini_pool_small,
          st_stairs_7
D:12:     nicolae_hexawheel, layout_basic,
          kennysheep_orc_monster_closet_entryway, minmay_st_funbox,
          mikee_hates_you, uniq_fannar, uniq_josephine, uniq_jorgrun,
          uniq_azrael, uniq_kirke
D:13:     layout_rooms, serial_shops, nicolae_diamond_shop, serial_ice,
          serial_ice_o, serial_ice_g, serial_ice_h, serial_ice_m,
          nicolae_wu_jian_glorious_leap
D:14:     kennysheep_kobold_lugonu_temple, layout_basic, erik_vaults_1,
          interstate_on_off, uniq_snorg, uniq_frances
D:15:     grunt_enter_depths_snipers, layout_loops_ring, nrook_mini_backslash,
          uniq_nessos
Lair:1:   layout_cave_shapes, minmay_holes, serial_bayou_shore_a,
          serial_bayou_shore_b, serial_bayou_shore_b, uniq_maggie
Lair:2:   layout_regular_city, skrybe_swamp_entry_bodies,
          hellmonk_spider_entry_not_the_bees, nicolae_quartered_pool_impasse,
          serial_bayou_shore_b
Lair:3:   layout_cave_shapes, grunt_megastairs_4, uniq_amaemon
Lair:4:   layout_cave_pods, chequers_serial_rivers_small_a, st_stairs_6,
          beast_lair_carwin_7
Lair:5:   gammafunk_lair_ancient_temple, layout_regular_city, slime_entry_1
Orc:1:    layout_caves
Orc:2:    st_orc_open, layout_caves, serial_shops, shop, basic_altar

Skill      XL: |  1  2  3  4  5  6  7  8  9 10 11 12 13 14 15 |
---------------+----------------------------------------------+-----
Axes           | 3 4 6 7 8 10 11 13 14 16 | 16.0
Fighting       | 4 5 6 7 9 10 11 12 15 | 15.0
Armour         | 4 6 8 9 10 11 13 14 | 14.4
Throwing       | 2 3 4 5 6 7 |  7.0
Dodging        | 3 |  3.6
Shields        | 9 |  9.8

Action                   |  1- 3 |  4- 6 |  7- 9 | 10-12 | 13-15 || total
-------------------------+-------+-------+-------+-------+-------++-------
Melee: Hand axe          |    22 |       |       |       |       ||    22
       War axe           |    96 |   131 |   249 |   429 |  1014 ||  1919
       Punch             |       |     1 |     2 |     5 |     9 ||    17
Throw: Boomerang         |       |       |    55 |    39 |    73 ||   167
       Javelin           |       |       |       |    35 |    83 ||   118
Invok: Berserk           |     4 |     2 |    13 |    22 |    28 ||    69
       Trog's Hand       |     1 |       |       |       |     4 ||     5
       Brothers in Arms  |       |       |       |     1 |     8 ||     9
  Use: Scroll            |     8 |     3 |    14 |     7 |    10 ||    42
       Potion            |       |       |       |     2 |     5 ||     7
 Stab: Distracted        |       |       |       |       |     1 ||     1
Armor: Animal skin       |    28 |       |       |       |       ||    28
       Ring mail         |    26 |    35 |    18 |       |       ||    79
       Chain mail        |       |       |    95 |       |       ||    95
       Plate armour      |       |       |     2 |   292 |   557 ||   851
Dodge: Dodged            |    89 |    63 |   131 |   276 |   365 ||   924
Block: Other             |       |    17 |    51 |    86 |   112 ||   266
       Reflection        |       |       |     4 |     2 |    14 ||    20
       Buckler           |       |       |       |       |    99 ||    99
       Kite shield       |       |       |       |       |    56 ||    56

Table legend:
 A = Non-vault XP
 B = Vault XP
 C = Vault XP percentage of total XP
 D = Non-vault monster count
 E = Vault monster count
 F = Vault count percentage of total count
                 A         B        C        D         E       F
            +---------+---------+-------+---------+---------+-------
      Total |   71103 |   55998 |  44.1 |     449 |     196 |  30.4
            +---------+---------+-------+---------+---------+-------
        D:1 |      51 |       0 |   0.0 |      31 |       0 |   0.0
        D:2 |     110 |      13 |  10.6 |      28 |       7 |  20.0
        D:3 |     179 |     327 |  64.6 |      28 |       9 |  24.3
        D:4 |     121 |      35 |  22.4 |      17 |      11 |  39.3
        D:5 |    1175 |      36 |   3.0 |      27 |       1 |   3.6
        D:6 |     699 |       0 |   0.0 |      12 |       0 |   0.0
        D:7 |    1804 |       0 |   0.0 |      32 |       0 |   0.0
        D:8 |     923 |     307 |  25.0 |      31 |       3 |   8.8
        D:9 |    1306 |    7074 |  84.4 |      13 |      31 |  70.5
       D:10 |    1513 |       0 |   0.0 |      14 |       0 |   0.0
       D:11 |    3168 |    5702 |  64.3 |      14 |      10 |  41.7
       D:12 |    3721 |   15194 |  80.3 |      18 |      52 |  74.3
       D:13 |    8374 |    2705 |  24.4 |      20 |      12 |  37.5
       D:14 |    3774 |    5326 |  58.5 |       6 |       7 |  53.8
       D:15 |    4376 |    3507 |  44.5 |      11 |       4 |  26.7
     Lair:1 |    6816 |     398 |   5.5 |      24 |       1 |   4.0
     Lair:2 |    6947 |    1200 |  14.7 |      18 |       6 |  25.0
     Lair:3 |    4767 |    1712 |  26.4 |      15 |       5 |  25.0
     Lair:4 |    4746 |    2788 |  37.0 |      19 |      12 |  38.7
     Lair:5 |   13954 |    7751 |  35.7 |      37 |      21 |  36.2
      Orc:1 |     623 |       0 |   0.0 |      12 |       0 |   0.0
      Orc:2 |    1956 |    1923 |  49.6 |      22 |       4 |  15.4
            +---------+---------+-------+---------+---------+-------
